 Dungeon Crawl Stone Soup version 0.29-a0-876-gfc89b1a5bd (webtiles) character file.

Game seed: 9160141783728347691

42 jlumianski the Chiller (level 3, -1/24 HPs)
             Began as a Demonspawn Ice Elementalist on July 19, 2022.
             Slain by Terence
             ... wielding a +0 hand axe
              (6 damage)
             ... on level 2 of the Dungeon.
             The game lasted 00:07:56 (1900 turns).

jlumianski the Chiller (DsIE)                       Turns: 1900, Time: 00:07:57

Health: -1/24      AC:  6    Str: 12    XL:     3   Next: 35%
Magic:  7/7        EV: 11    Int: 17    God:
Gold:   81         SH:  0    Dex: 12    Spells: 3/7 levels left

rFire   . . .      SeeInvis .   r - +0 short sword
rCold   . . .      Faith    .   (no shield)
rNeg    . . .      Spirit   .   m - +0 leather armour
rPois   .          Reflect  .   (no helmet)
rElec   .          Harm     .   (no cloak)
rCorr   .          Rampage  .   j - +2 pair of gloves
Will    .....      Clarity  +   (no boots)
Stlth   ++........              (no amulet)
HPRegen 0.08/turn               (no ring)
MPRegen 0.10/turn               (no ring)

@: no status effects
A: powered by death 1, clarity, high MP 1, strong 1
a: no special abilities


You were on level 2 of the Dungeon.
You visited 1 branch of the dungeon, and saw 3 of its levels.

You collected 81 gold pieces.

Inventory:

Hand Weapons
 g - a +0 dagger
 r - a +0 short sword (weapon)
Missiles
 i - 6 stones (quivered)
Armour
 a - a +0 robe
 j - a +2 pair of gloves (worn)
 m - a +0 leather armour (worn)
 q - a +0 pair of boots
Scrolls
 h - 2 scrolls of identify {unknown}
 k - a scroll of blinking {unknown}
 n - a scroll of poison {unknown}
 p - a scroll of enchant armour {unknown}
Potions
 c - a potion of mutation
 d - a potion of curing {unknown}
 e - a potion of ambrosia {unknown}
 f - a potion of heal wounds
 l - a potion of haste {unknown}
 o - a potion of brilliance {unknown}


   Skills:
 + Level 0.2 Fighting
 + Level 1.8 Dodging
 + Level 2.2 Stealth
 + Level 2.5 Spellcasting
 + Level 4.2 Ice Magic


You had 3 spell levels left.
You knew the following spells:

 Your Spells              Type           Power      Damage    Failure   Level
a - Freeze                Ice            64%        1d8       4%          1
b - Frozen Ramparts       Ice            32%        1d5       12%         3

Your spell library contained the following spells:

 Spells                   Type           Power      Damage    Failure   Level
 Ozocubu's Armour         Ice            16%        N/A       12%         3
 Confusing Touch          Hex            2%         N/A       56%         3
 Hailstorm                Conj/Ice       9%         3d4       69%         4
 Yara's Violent Unravell  Hex/Tmut       1%         3d3       100%        5
 Enfeeble                 Hex            1%         N/A       100%        7


Dungeon Overview and Level Annotations

Branches:
Dungeon (3/15)

Altars:

Annotations:
D:2 Terence


Innate Abilities, Weirdness & Mutations

You regenerate a little health from kills.
You possess an exceptional clarity of mind.
You have an increased reservoir of magic. (+10% MP)
Your muscles are strong. (Str +4, Int/Dex -1)


Message History

Terence hits you with a +0 hand axe. Terence barely misses you.
You closely miss Terence.
Terence is moderately wounded.
Terence hits you with a +0 hand axe.
Casting: Frozen Ramparts (quite dangerous; 12% risk of failure)
Confirm with . or Enter, or press ? or * to list all spells.
Aiming: Freeze (safe; 4% risk of failure)
Press: ? - help, Shift-Dir - straight line, f - Terence
Aim: Terence, wielding a +0 hand axe and wearing a +0 scale mail (moderately wounded)
You freeze Terence.
Terence is heavily wounded.
Terence bares his teeth.
Terence hits you but does no damage.
You barely miss Terence.
Terence is heavily wounded.
Terence misses you.
Casting: Freeze (safe; 4% risk of failure)
Confirm with . or Enter, or press ? or * to list all spells.
Aiming: Freeze (safe; 4% risk of failure)
Press: ? - help, Shift-Dir - straight line, f/p - Terence
Aim: Terence, wielding a +0 hand axe and wearing a +0 scale mail (heavily wounded)
You freeze Terence.
Terence is severely wounded.
Terence hits you with a +0 hand axe.
You hit Terence.
Terence is severely wounded.
Terence hits you with a +0 hand axe.
You closely miss Terence.
Terence is severely wounded.
Terence hits you but does no damage.
You barely miss Terence.
Terence is severely wounded.
Terence completely misses you.
Your magical contamination has completely faded away.
You hit Terence but do no damage.
Terence is severely wounded.
Terence hits you with a +0 hand axe.
* * * LOW HITPOINT WARNING * * *
Magic courses through your body. Terence hits you with a +0 hand axe.
You die...

..#...........................
#.#.#.................@.......
#...#.........................
#.#.#...................#####.
..#..####........########
#.#.## #........# #...#
#........# ..#.## #.......@#
.##..# #.......@# ....##
#.......^# ##.## ##########
###


You could see Terence.

Vanquished Creatures
  An adder (D:3)
  A dart slug (D:1)
  3 ball pythons
  3 endoplasms
  2 hobgoblins (D:1)
  6 kobolds
  A quokka (D:2)
  4 bats
  5 frilled lizards
  2 goblins
  3 rats
31 creatures vanquished.

Notes
Turn   | Place    | Note
-------+----------+-------------------------------------------
     0 | D:1      | jlumianski the Demonspawn Ice Elementalist began the quest
                  | for the Orb.
     0 | D:1      | Reached XP level 1. HP: 13/13 MP: 3/3
     1 | D:1      | Noticed a human
     3 | D:1      | Noticed a ghoul
     9 | D:1      | Noticed a human
    10 | D:1      | Noticed a human
    11 | D:1      | Noticed a troll
    13 | D:1      | Noticed an ogre
    13 | D:1      | Noticed a demonspawn
    15 | D:1      | Noticed a formicid
    16 | D:1      | Noticed a minotaur
    18 | D:1      | Noticed a human
    18 | D:1      | Noticed a naga
    20 | D:1      | Noticed a minotaur
    22 | D:1      | Noticed a minotaur
    26 | D:1      | Noticed a demonspawn
   372 | D:1      | Reached skill level 4 in Ice Magic
   372 | D:1      | Gained mutation: You regenerate a little health from kills.
                  | [demonic ancestry]
   372 | D:1      | Reached XP level 2. HP: 19/19 MP: 3/5
   734 | D:1      | Found a faded altar of an unknown god.
  1001 | D:1      | Gained mutation: You have an increased reservoir of magic.
                  | (+10% MP) [potion of mutation]
  1001 | D:1      | Gained mutation: You possess an exceptional clarity of
                  | mind. [potion of mutation]
  1001 | D:1      | Gained mutation: Your muscles are strong. (Str +4, Int/Dex
                  | -1) [potion of mutation]
  1553 | D:3      | Reached XP level 3. HP: 24/24 MP: 3/7
  1557 | D:3      | Learned a level 3 spell: Frozen Ramparts
  1873 | D:2      | Noticed Terence
  1900 | D:2      | Slain by Terence

Illustrated notes

Levels and vault maps discovered:
D:1:      shiori_arrival_whats_in_store_for_you, layout_rooms,
          shapermc_ecumenical_altar_mp_highgroup, chequers_big_river,
          roderic_lattice_a
D:2:      wad_river_or_something, layout_basic,
          nicolae_concentric_dashed_squares_wild, uniq_terence
D:3:      layout_basic, tso_oasis_becter

Skill      XL: |  1  2 |
---------------+-------+-----
Ice Magic      | 4 |  4.2
Stealth        | 2 |  2.2
Fighting       | |  0.2
Dodging        | |  1.8
Spellcasting   | |  2.5

Action                   || total
-------------------------++-------
Melee: Dagger            ||    22
       Short sword       ||     9
Throw: Stone             ||     1
 Cast: Freeze            ||    36
       Frozen Ramparts   ||     1
  Use: Potion            ||     3
 Stab: Sleeping          ||     2
Armor: Robe              ||    14
       Leather armour    ||     4
Dodge: Dodged            ||    29

Table legend: (Time is in decaauts)
 A = Elapsed time spent in this place.
 B = Non-inter-level travel time spent in this place.
 C = Inter-level travel time spent in this place.
 D = Time resting spent in this place.
 E = Time spent auto-exploring this place.
 F = Levels seen in this place.
 G = Mean time per level.
                   A        B        C        D        E       F      G
               +--------+--------+--------+--------+--------+-----+--------+
         Total |   1908 |   1891 |     17 |    358 |    879 |   3 |  636.0 |
       Dungeon |   1908 |   1891 |     17 |    358 |    879 |   3 |  636.0 |
               +--------+--------+--------+--------+--------+-----+--------+

Top non-repeatable levels by time:
     D:1: 1142 daAuts
     D:2: 647 daAuts
     D:3: 118 daAuts
